[Event "German Bundesliga 2022-23"]
[Site "Germany"]
[Date "2022.10.22"]
[Round "1.4"]
[White "Alonso Rosell, Alvar"]
[Black "Kaasen, Tor Fredrik"]
[Result "1/2-1/2"]
[ECO "D94"]
[WhiteElo "2563"]
[BlackElo "2445"]
[Annotator "TA"]
[PlyCount "55"]
[EventDate "2022.10.21"]
[EventType "team-tourn"]
[EventCountry "GER"]
[SourceTitle "playchess.com"]
[Source "ChessBase"]
[SourceQuality "1"]
[TimeControl "40/6000+30:3000+30"]

1. d4 Nf6 2. c4 g6 3. Nf3 Bg7 4. Nc3 d5 5. e3 O-O 6. cxd5 Nxd5 7. Bc4 Nb6 8. Bb3 c5 {[%emt 0:00:26] The position is equal. 8...c5 is better than 8...Nc6.} 9. O-O {[%emt 0:00:28] D94: Grünfeld: 4 Nf3 Bg7 5 e3.} Bg4 10. dxc5 {[%emt 0:31:15] [#] And now Qxd8 would win.} N6d7 11. Na4 {[%emt 0:02:26] [#]} Qc7 $146 ({Predecessor:} 11... Na6 12. c6 bxc6 13. h3 Bxf3 14. Qxf3 Ne5 15. Qe2 Qd3 16. Qxd3 Nxd3 17. Bc4 Nac5 18. Nxc5 Nxc5 {½-½ (84) Lin,Y (2119)-Xu,X (2466) Wuxi 2016}) 12. h3 Bxf3 13. Qxf3 Na6 14. Bd2 Naxc5 15. Rac1 Rac8 16. Nxc5 Nxc5 17. Bb4 b6 18. Bxc5 bxc5 19. Rc2 e6 20. Bc4 a5 21. b3 Rfd8 22. Rd1 Rxd1+ 23. Qxd1 Rd8 24. Rd2 Bf6 25. Rxd8+ Qxd8 26. Qf3 Kg7 27. g3 Bc3 28. Kg2 {[%emt 0:02:24] An interesting draw.  Weighted Error Value: White=0.01 (flawless) /Black=0.01 (flawless)} 1/2-1/2

[Event "German Bundesliga 2022-23"]
[Site "Germany"]
[Date "2022.10.22"]
[Round "1.4"]
[White "Martinovic, Sasa"]
[Black "Meier, Georg"]
[Result "0-1"]
[ECO "E16"]
[WhiteElo "2546"]
[BlackElo "2613"]
[Annotator "TA"]
[PlyCount "100"]
[EventDate "2022.10.21"]
[EventType "team-tourn"]
[EventCountry "GER"]
[SourceTitle "playchess.com"]
[Source "ChessBase"]
[SourceQuality "1"]
[TimeControl "40/6000+30:3000+30"]

1. d4 e6 2. Nf3 Nf6 3. c4 b6 4. g3 Bb7 5. Bg2 Bb4+ 6. Bd2 c5 7. Bxb4 cxb4 8. O-O O-O 9. Qb3 a5 10. a3 Na6 11. Nbd2 Rc8 $5 {[%emt 0:04:42][%mdl 4] [#] An interesting side line. E16: Queen's Indian: 4 g3 Bb7 5 Bg2 Bb4+.} 12. Rfc1 $146 ({Predecessor:} 12. Rac1 d6 13. Rfd1 Qe8 14. Qe3 Qa4 15. d5 exd5 16. Qxb6 Nc5 17. axb4 Qxb4 18. Qxb4 axb4 19. Nd4 {½-½ (19) Schussler,H (2335)-Nikolic,P (2330) Thessaloniki 1988}) 12... Rc7 13. Ne1 Bxg2 {[%emt 0:09:10] White is slightly better.} 14. Kxg2 Qa8+ 15. Qf3 d5 16. cxd5 bxa3 17. bxa3 {[%emt 0:02:28] Strongly threatening d6.} Qxd5 18. Qxd5 Nxd5 19. Rxc7 Naxc7 20. e3 Nb5 21. a4 Nbc3 22. Ra3 (22. h4 $11) 22... Rc8 $1 $15 23. Nd3 Nd1 24. Kf1 Rc2 25. Nf3 N1c3 {[%emt 0:03:19] Black is much more active.} 26. Nfe1 Rd2 27. Nf4 Ne4 28. Ned3 Nxf4 29. gxf4 {[%emt 0:00:21][%mdl 4096] Endgame KRN-KRN} Rc2 $1 30. Ke1 Nc3 31. Nb2 Kf8 32. Rb3 Nd5 33. Nd3 Ke7 34. e4 $2 {[%emt 0:02:48] [#] This costs White the game.} ({White should try} 34. h4 $15) 34... Rc3 $1 $19 35. Rb2 {[%emt 0:00:26] aiming for Kd2.} Rxd3 36. exd5 Rxd4 (36... exd5 $2 37. Rxb6 Rxd4 38. Rb7+ Kf6 39. Rb6+ Kf5 40. Rb5) 37. dxe6 fxe6 ({Don't blunder} 37... Rxa4 $2 38. Rxb6 fxe6 39. Rb5 $19) 38. Rxb6 Rxf4 {[%emt 0:00:08] KR-KR} ({Avoid the trap} 38... Rxa4 $2 39. Rb5 $19) 39. Ra6 Rxa4 40. Ra7+ Kf6 41. Kf1 (41. Ra8 $142) 41... Ra1+ 42. Kg2 a4 43. Ra5 g5 44. h4 h6 45. hxg5+ hxg5 46. Kf3 $2 {[%emt 0:00:00] [#]} (46. Kg3 $19) 46... a3 47. Kg4 a2 48. Kf3 g4+ 49. Kg2 e5 50. Ra8 e4 {[%emt 0:00:00] Weighted Error Value: White=0.60/Black=0.13 (very precise)} 0-1

[Event "German Bundesliga 2022-23"]
[Site "Germany"]
[Date "2022.10.23"]
[Round "1.4"]
[White "Heinemann, Thies"]
[Black "Richter, Nils"]
[Result "1-0"]
[ECO "B40"]
[WhiteElo "2484"]
[BlackElo "2395"]
[Annotator "ChessBase"]
[PlyCount "57"]
[EventDate "2022.10.21"]
[EventType "team-tourn"]
[EventCountry "GER"]
[SourceTitle "playchess.com"]
[Source "ChessBase"]
[SourceQuality "1"]
[TimeControl "40/6000+30:3000+30"]

1. e4 c5 2. Nf3 e6 3. g3 Nc6 4. Bg2 Nf6 5. Qe2 e5 6. O-O Be7 7. c3 O-O 8. Rd1 d6 9. d4 cxd4 10. cxd4 exd4 11. Nxd4 Nxd4 12. Rxd4 Qb6 13. Rd1 Be6 14. Nc3 Rac8 15. Be3 Qa5 16. Qb5 Qxb5 17. Nxb5 Rc2 18. b3 a6 19. Nd4 Rc7 20. Rac1 Rxc1 21. Rxc1 Ng4 22. Nxe6 fxe6 23. Bb6 Bg5 24. Rc7 Rf7 25. h4 Bd2 26. Rc2 Bb4 27. Rc4 Be1 28. Kf1 Bd2 29. Ke2 1-0

[Event "German Bundesliga 2022-23"]
[Site "Germany"]
[Date "2022.10.22"]
[Round "1.5"]
[White "Fedorchuk, Sergey A."]
[Black "Prusikin, Michael"]
[Result "1/2-1/2"]
[ECO "C07"]
[WhiteElo "2619"]
[BlackElo "2517"]
[Annotator "TA"]
[PlyCount "145"]
[EventDate "2022.10.21"]
[EventType "team-tourn"]
[EventCountry "GER"]
[SourceTitle "playchess.com"]
[Source "ChessBase"]
[SourceQuality "1"]
[TimeControl "40/6000+30:3000+30"]

1. e4 e6 2. d4 d5 3. Nd2 c5 4. Ngf3 cxd4 5. Nxd4 Nc6 6. Bb5 Bd7 7. Nxc6 bxc6 8. Bd3 Bd6 {[%emt 0:00:38] C07: French Tarrasch: 3...c5, 4 Ngf3 and 4 exd5 Qxd5.} 9. Qe2 Qc7 {[%emt 0:00:12] 9...e5 gains popularity.} 10. Nf3 dxe4 11. Qxe4 Nf6 12. Qh4 h6 {[%emt 0:00:20] [#]} 13. a3 $146 ({Predecessor:} 13. O-O c5 14. Nd2 Nd5 15. Nc4 Bf4 16. g3 Bxc1 17. Raxc1 Bc6 18. Rfe1 O-O 19. Qe4 {½-½ (31) Ragger,M (2684)-Andreikin,D (2741) Batumi 2019}) 13... c5 14. Nd2 Bf4 15. Ne4 Be5 16. Nd2 Bf4 17. Nc4 {[%emt 0:00:11] Prevents Qe5+.} Bxc1 18. Rxc1 O-O 19. Qg3 Qxg3 20. hxg3 Rfd8 21. Rd1 Rab8 22. Rh4 Kf8 23. Kd2 Bc6 24. f3 h5 25. Kc1 g5 26. Rhh1 Ke7 27. Rde1 Bd5 28. Ne3 Rbc8 {[%emt 0:09:03] The position is equal.} 29. Nxd5+ Rxd5 30. Bc4 $1 Rd4 31. b3 Rg8 32. Re5 Nd7 33. Re3 Nb6 34. Rxh5 Nxc4 35. bxc4 Rxc4 $11 {[%emt 0:02:09][%mdl 4096] Endgame KRR-KRR} 36. g4 Rd4 37. Rb3 Rd7 38. Rb5 Kd6 39. Kb2 Kc6 40. Rb3 Rd2 41. Rh7 Rf8 (41... Rxg2 42. Rxf7 Rg3 43. a4 $16 (43. Rxa7 Rf8 $16)) 42. g3 Rg2 43. Rg7 Rxg3 44. Rxg5 f5 45. Re3 Rf6 46. Rc3 Kd6 47. Rd3+ Kc6 48. Rg8 fxg4 49. fxg4 Rxd3 50. cxd3 {[%emt 0:00:00] KR-KR} Rf3 51. Kc3 Kd5 52. g5 Rg3 53. g6 Rg4 54. a4 Kc6 55. g7 {[%emt 0:00:00] [#] Threatens to win with Rc8+.} Kb7 {[%emt 0:00:08] Against Rc8} 56. Kd2 Ka6 57. Ke3 Ka5 58. Kf3 Rg1 59. Kf4 Kxa4 60. Ke5 Rg3 61. Kf6 ({Resist} 61. Kxe6 $6 a5 $16) 61... Rf3+ $1 62. Kxe6 Rg3 63. Kf6 Rf3+ 64. Ke5 Rg3 65. Kf4 Rg1 66. Ke3 Ka5 67. Ke4 Rg3 68. Ke5 Ka6 69. Ke6 Kb7 70. Kf6 Rf3+ $1 71. Ke5 Rg3 72. Kf6 Rf3+ $1 73. Ke5 {[%emt 0:00:05] Weighted Error Value: White=0.04 (flawless) /Black=0.03 (flawless)} 1/2-1/2

[Event "German Bundesliga 2022-23"]
[Site "Germany"]
[Date "2022.10.22"]
[Round "1.5"]
[White "Seyb, Alexander"]
[Black "Dragnev, Valentin"]
[Result "1/2-1/2"]
[ECO "C83"]
[WhiteElo "2441"]
[BlackElo "2544"]
[Annotator "TA"]
[PlyCount "53"]
[EventDate "2022.10.21"]
[EventType "team-tourn"]
[EventCountry "GER"]
[SourceTitle "playchess.com"]
[Source "ChessBase"]
[SourceQuality "1"]
[TimeControl "40/6000+30:3000+30"]

1. e4 e5 2. Nf3 Nc6 3. Bb5 a6 4. Ba4 Nf6 5. O-O Nxe4 6. d4 b5 7. Bb3 d5 8. dxe5 Be6 9. Nbd2 Nc5 10. c3 Be7 11. Bc2 d4 12. Nb3 {[%emt 0:00:29][%cal Rb3d4] C83: Open Ruy Lopez: 9 c3 Be7.} d3 13. Nxc5 (13. Bb1 {is interesting.} Nxb3 14. axb3 Bf5 15. Be3) 13... dxc2 14. Qxd8+ {[%emt 0:00:08] The position is equal.} Rxd8 ({Don't take} 14... Bxd8 15. Nxe6 fxe6 16. Be3 $16) 15. Nxe6 fxe6 16. Be3 Rd5 17. Rfc1 Nxe5 18. Nxe5 Rxe5 19. Rxc2 {[%emt 0:00:11] 19.Bd4 is vanishing.} Rd5 20. c4 Rd7 21. Kf1 {[%emt 0:02:28] [#]  Weighted Error Value: White=0.05 (flawless) /Black=0.02 (flawless)} {Predecessor:} Kf7 $146 22. Ke2 Rhd8 23. cxb5 axb5 24. a4 bxa4 25. Rxa4 Rb8 26. Rac4 Rb7 27. g3 {½-½ (27) Azarov,S (2577)-Melkumyan,H (2653) Bad Wiessee 2016} 1/2-1/2

[Event "German Bundesliga 2022-23"]
[Site "Germany"]
[Date "2022.10.23"]
[Round "1.5"]
[White "Vyval, Volodymyr"]
[Black "Kramer, Julian"]
[Result "1-0"]
[ECO "B80"]
[WhiteElo "2282"]
[BlackElo "2467"]
[Annotator "ChessBase"]
[PlyCount "77"]
[EventDate "2022.10.21"]
[EventType "team-tourn"]
[EventCountry "GER"]
[SourceTitle "playchess.com"]
[Source "ChessBase"]
[SourceQuality "1"]
[TimeControl "40/6000+30:3000+30"]

1. e4 c5 2. Nf3 d6 3. d4 cxd4 4. Nxd4 Nf6 5. Nc3 Nc6 6. g3 e6 7. Bg2 Nxd4 8. Qxd4 Bd7 9. O-O Be7 10. Rd1 Qc7 11. Qd3 h6 12. Nb5 Bxb5 13. Qxb5+ Nd7 14. Bf4 a6 15. Qd3 Ne5 16. Bxe5 dxe5 17. c3 Bc5 18. Rd2 Ke7 19. Rad1 Rad8 20. Qc2 Rxd2 21. Rxd2 g5 22. Qd1 h5 23. h3 Qc6 24. Bf3 h4 25. Kg2 hxg3 26. fxg3 Bb6 27. Kh2 Rh6 28. Qe2 Rf6 29. Kg2 Kf8 30. Rd1 Qc5 31. Qd2 Ba7 32. b4 Qb6 33. a4 Qc7 34. Qxg5 Ke7 35. Rf1 Qb8 36. h4 Qh8 37. Qxe5 Bb8 38. Qd4 Qg8 39. e5 1-0

[Event "German Bundesliga 2022-23"]
[Site "Germany"]
[Date "2022.10.22"]
[Round "1.6"]
[White "Kurmann, Oliver"]
[Black "Hess, Max"]
[Result "1/2-1/2"]
[ECO "B12"]
[WhiteElo "2452"]
[BlackElo "2361"]
[Annotator "RC"]
[PlyCount "44"]
[EventDate "2022.10.21"]
[EventType "team-tourn"]
[EventCountry "GER"]
[SourceTitle "playchess.com"]
[Source "ChessBase"]
[SourceQuality "1"]
[TimeControl "40/6000+30:3000+30"]

1. e4 c6 2. d4 d5 3. e5 Bf5 4. h4 Qc7 5. h5 c5 6. dxc5 Qxe5+ 7. Be2 Nf6 8. Nc3 Bd7 9. Nf3 Qc7 10. Nxd5 Nxd5 11. Qxd5 e6 12. Qe5 Qxe5 13. Nxe5 Bxc5 14. Bf3 Bc6 15. Nxc6 Nxc6 16. Bxc6+ bxc6 17. Rh4 O-O-O 18. Be3 Bxe3 19. fxe3 Rd5 20. Rd1 Kc7 21. Rf4 f5 22. Ra4 Kb6 1/2-1/2

[Event "German Bundesliga 2022-23"]
[Site "Germany"]
[Date "2022.10.23"]
[Round "1.6"]
[White "Sebastian, Dirk"]
[Black "Plenca, Jadranko"]
[Result "1/2-1/2"]
[ECO "C54"]
[WhiteElo "2435"]
[BlackElo "2412"]
[Annotator "ChessBase"]
[PlyCount "63"]
[EventDate "2022.10.21"]
[EventType "team-tourn"]
[EventCountry "GER"]
[SourceTitle "playchess.com"]
[Source "ChessBase"]
[SourceQuality "1"]
[TimeControl "40/6000+30:3000+30"]

1. e4 e5 2. Nf3 Nc6 3. Bc4 Bc5 4. O-O Nf6 5. d3 O-O 6. Re1 h6 7. h3 d6 8. c3 a6 9. a4 Re8 10. Nbd2 Be6 11. Bxe6 Rxe6 12. b4 Ba7 13. Nf1 d5 14. Qc2 b5 15. Ng3 Qe8 16. Nf5 Rd8 17. Bd2 Bb6 18. c4 dxc4 19. dxc4 Nd4 20. N3xd4 Bxd4 21. Ra2 bxa4 22. Re2 c5 23. Qxa4 Qxa4 24. Rxa4 Rb8 25. bxc5 Rb1+ 26. Kh2 Rb2 27. c6 Ne8 28. Rxa6 Kh7 29. Ra8 Nc7 30. Rd8 Rxc6 31. Nxd4 exd4 32. Rxd4 1/2-1/2

[Event "German Bundesliga 2022-23"]
[Site "Germany"]
[Date "2022.10.22"]
[Round "1.6"]
[White "Costa, Leonardo"]
[Black "Braun, Arik"]
[Result "0-1"]
[ECO "B82"]
[WhiteElo "2350"]
[BlackElo "2597"]
[Annotator "TA"]
[PlyCount "50"]
[EventDate "2022.10.21"]
[EventType "team-tourn"]
[EventCountry "GER"]
[SourceTitle "playchess.com"]
[Source "ChessBase"]
[SourceQuality "1"]
[TimeControl "40/6000+30:3000+30"]

1. e4 c5 2. Nf3 e6 3. d4 cxd4 4. Nxd4 a6 5. Nc3 Qc7 6. Bd3 Nf6 7. Qe2 d6 8. f4 Be7 {[%emt 0:04:48] B82: Sicilian Scheveningen: 6 f4.} 9. g4 b5 10. g5 Nfd7 {[%emt 0:01:09] White is slightly better.} 11. a3 {[%emt 0:00:19] [#]} Bb7 $146 ({Predecessor:} 11... Nc6 12. Be3 Bb7 13. f5 Nxd4 14. Bxd4 e5 15. Be3 Nb6 16. O-O-O Rc8 17. f6 Bf8 {1-0 (44) Pares Vives,N (2299)-Steinbacher,C (2203) Dresden 2008}) 12. O-O ({White should play} 12. Rf1 $14) 12... Nc6 $15 13. Nxc6 Qxc6 14. Bd2 (14. Be3 $11) 14... g6 (14... h6 $17) 15. Rae1 h6 16. gxh6 (16. Nd5 $1 $11) 16... f5 ({Weaker is} 16... Rxh6 17. f5 g5 18. fxe6 fxe6 19. Rf2 $15) 17. Na2 (17. Nd5 $17 Rxh6 18. Nxe7 Kxe7 19. Bc3) 17... Rxh6 $19 18. Nb4 Qc5+ 19. Be3 Qc7 20. Bd4 Nc5 21. e5 $2 {[%emt 0:06:42] [#]} (21. Rf2) 21... Kf7 22. Rf2 Ne4 (22... a5 $19 {and Black stays clearly on top.} 23. exd6 Bxd6 24. Bxc5 Bxc5 25. Qxe6+ Kf8) 23. Rg2 $2 (23. exd6 $17 {might work better.} Qxd6 24. Bxe4 Bxe4 25. Rd1) 23... dxe5 24. fxe5 (24. Bxe4 Bxe4 25. Bxe5) 24... Ng5 25. Rf1 Rah8 {[%emt 0:02:36] Weighted Error Value: White=0.87/Black=0.38} 0-1

[Event "German Bundesliga 2022-23"]
[Site "Germany"]
[Date "2022.10.22"]
[Round "1.7"]
[White "Wagner, Dennis"]
[Black "Yankelevich, Lev"]
[Result "1-0"]
[ECO "C84"]
[WhiteElo "2570"]
[BlackElo "2484"]
[Annotator "TA"]
[PlyCount "67"]
[EventDate "2022.10.21"]
[EventType "team-tourn"]
[EventCountry "GER"]
[SourceTitle "playchess.com"]
[Source "ChessBase"]
[SourceQuality "1"]
[TimeControl "40/6000+30:3000+30"]

1. e4 e5 2. Nf3 Nc6 3. Bb5 a6 4. Ba4 Nf6 5. O-O Be7 6. d3 b5 7. Bb3 d6 8. a4 Bd7 9. Be3 {[%emt 0:00:31] C84: Closed Ruy Lopez: Unusual White 6th moves.} O-O 10. axb5 axb5 11. Nc3 {[%emt 0:00:07] The position is equal.} Na5 12. Nd5 Nxd5 13. Bxd5 c6 14. Ba2 c5 15. Bd5 Bc6 16. b4 Bxd5 17. exd5 cxb4 18. Qb1 b3 19. cxb3 b4 {[%emt 0:09:49] [#]} 20. Ra4 $146 ({Predecessor:} 20. d4 Qd7 21. dxe5 dxe5 22. Rd1 f6 23. Qa2 Qb7 24. d6 Bd8 25. Nd2 Rc8 26. Nc4 Nxc4 27. bxc4 {½-½ (48) Dominguez Perez,L (2758)-Santos Latasa,J (2575) Chess.com INT 2020}) 20... Rb8 21. Qa2 Rb5 22. Ra1 Nb7 23. Ra7 $1 {[%emt 0:04:04] Hoping for Qa6.} Nc5 {[%emt 0:02:44] Inhibits Qa6.} 24. Qc2 $1 {[%emt 0:12:05] Threatens to win with d4. White has more active pieces. The black rooks are badly placed.} Bf6 (24... Rb8 $16) 25. Qc4 $1 $18 Qb8 {[%emt 0:11:38][%cal Oe5e4] [#]} 26. Nd2 {[%emt 0:06:46] Prevents e4.} Rb7 27. Bxc5 dxc5 {[%emt 0:00:04] [#]} 28. Rxb7 (28. Qxc5 Rc8 29. Rxb7 Qxb7 $11) 28... Qxb7 29. Ne4 ({And not} 29. Qxc5 Rc8 30. Ra7 Rxc5 $11) 29... Rd8 30. d6 {[%emt 0:02:02] Prevents Be7.} ({Worse is} 30. Qxc5 Rxd5 31. Nxf6+ gxf6 $11) ({Weaker is} 30. Nxc5 Qxd5 31. Ra7 Qxc4 32. bxc4 e4 33. Nxe4 Be5 $11) 30... Qc8 31. Ra7 {[%emt 0:04:38] White is clearly winning.} Qe6 32. Qxe6 fxe6 33. g4 {[%emt 0:02:58] Black must now prevent g5.} Rc8 (33... Kf8 $142 34. g5 Bxg5 35. Nxg5 Rxd6) 34. Rc7 {[%emt 0:02:37] Weighted Error Value: White=0.00 (flawless) /Black=0.28 (precise)} 1-0

[Event "German Bundesliga 2022-23"]
[Site "Germany"]
[Date "2022.10.22"]
[Round "1.7"]
[White "Schmidek, Emil"]
[Black "Ribli, Zoltan"]
[Result "1-0"]
[ECO "D31"]
[WhiteElo "2414"]
[BlackElo "2526"]
[Annotator "TA"]
[PlyCount "39"]
[EventDate "2022.10.21"]
[EventType "team-tourn"]
[EventCountry "GER"]
[SourceTitle "playchess.com"]
[Source "ChessBase"]
[SourceQuality "1"]
[TimeControl "40/6000+30:3000+30"]

1. d4 d5 2. c4 e6 3. Nc3 c6 4. e4 dxe4 5. Nxe4 Bb4+ 6. Bd2 Qxd4 7. Bxb4 Qxe4+ 8. Be2 Na6 9. Ba5 b6 {[%emt 0:05:25] [#] D31: Queen's Gambit Declined: Semi-Slav without ...Nf6 (+ Marshall Gambit and Noteboom) and Exchange Variation lines without ...Nf6.} 10. Qd6 $1 {[%emt 0:00:00][%cal Oe1c1][%mdl 1024] Black must now prevent 0-0-0! White has compensation.} Bd7 (10... Ne7 $2 11. O-O-O $1 O-O 12. Qxe7 $18) 11. Bc3 f6 {[%emt 0:03:44] The position is equal.} 12. Nf3 Ne7 (12... Rd8 $11) 13. O-O-O $14 {[%emt 0:01:57] Threatens to win with Rhe1.} ({Reject} 13. Rd1 Rd8 $15) 13... Qxe2 14. Qxd7+ Kf7 $132 {[%emt 0:00:04][%mdl 2048] aiming for ...Rhd8. Black is not holding back} 15. Rhe1 Qxc4 16. Re3 {[%emt 0:03:08] [#] The board is on fire.} ({Wrong is} 16. Kb1 $2 Rhd8 17. Rd4 Rxd7 $19) 16... Rad8 $146 {[%emt 0:22:16][%mdl 8192] [#] Black cannot hold the game after this.} (16... Qxa2 $2 {[#]} 17. Ng5+ $1 Kg6 18. Qxe7 Qa1+ 19. Kc2 Qa4+ 20. b3 $18) (16... Rhe8 $1 $11 {and Black has nothing to worry.} 17. b3 Qg4) ({Predecessor:} 16... Rhe8 17. b3 Qg4 18. h3 Qf4 19. Rd4 Qh6 20. Qxe6+ Kf8 21. Rh4 Nc5 22. Qc4 Qg6 {½-½ (94) Vitiugov,N (2687)-Romanov,E (2576) Moscow 2009}) 17. Ne5+ $1 fxe5 18. Rf3+ {[%emt 0:00:11][%mdl 64] Deflection} Kg6 $2 (18... Qf4+ 19. Rxf4+ exf4 20. Qxa7 Nc5) 19. Qxe7 $18 {[%emt 0:01:35] White wants to mate with Rg3+.} Rxd1+ 20. Kxd1 {[%emt 0:00:13] Weighted Error Value: White=0.01 (flawless) /Black=0.65} 1-0

[Event "German Bundesliga 2022-23"]
[Site "Germany"]
[Date "2022.10.23"]
[Round "1.7"]
[White "Reck, Moritz"]
[Black "Meissner, Felix"]
[Result "0-1"]
[ECO "A00"]
[WhiteElo "2161"]
[BlackElo "2369"]
[Annotator "ChessBase"]
[PlyCount "84"]
[EventDate "2022.10.21"]
[EventType "team-tourn"]
[EventCountry "GER"]
[SourceTitle "playchess.com"]
[Source "ChessBase"]
[SourceQuality "1"]
[TimeControl "40/6000+30:3000+30"]

1. e4 d5 2. Nc3 d4 3. Nce2 e5 4. d3 c5 5. g3 Nc6 6. Bg2 Bd6 7. f4 exf4 8. Bxf4 Nf6 9. h3 Nh5 10. Nf3 Nxf4 11. Nxf4 O-O 12. O-O Ne5 13. c3 Nxf3+ 14. Rxf3 Be5 15. Qb3 a5 16. a4 Ra6 17. c4 Rb6 18. Qc2 Rf6 19. Raf1 Qd6 20. Qd2 b6 21. Kh1 Rh6 22. Qf2 Bg4 23. Kg1 Bxf3 24. Qxf3 Rf6 25. Qg4 g6 26. h4 h6 27. Bh3 Kh7 28. Rf3 Qd8 29. Nd5 h5 30. Nxf6+ Qxf6 31. Rxf6 hxg4 32. Rxb6 gxh3 33. Kh2 f5 34. exf5 Rxf5 35. Rc6 Rf3 36. Rxc5 Bxg3+ 37. Kxh3 Bd6+ 38. Kg2 Rg3+ 39. Kf2 Bxc5 40. Kxg3 Kg7 41. Kg4 Kf6 42. h5 gxh5+ 0-1

[Event "German Bundesliga 2022-23"]
[Site "Germany"]
[Date "2022.10.22"]
[Round "1.8"]
[White "Berchtenbreiter, Maximilian"]
[Black "Buhmann, Rainer"]
[Result "0-1"]
[ECO "C90"]
[WhiteElo "2509"]
[BlackElo "2561"]
[Annotator "TA"]
[PlyCount "72"]
[EventDate "2022.10.21"]
[EventType "team-tourn"]
[EventCountry "GER"]
[SourceTitle "playchess.com"]
[Source "ChessBase"]
[SourceQuality "1"]
[TimeControl "40/6000+30:3000+30"]

1. e4 e5 2. Nf3 Nc6 3. Bb5 a6 4. Ba4 Nf6 5. O-O Be7 6. Re1 b5 7. Bb3 d6 8. a4 Bd7 9. c3 O-O 10. Bc2 {[%emt 0:11:22] C90: Closed Ruy Lopez with 7...d6: Early deviations.} (10. d4 {with more complications.} Bg4 11. Be3 Na5 12. Bc2) 10... Re8 11. h3 Bf8 12. d3 {[%emt 0:01:45] White has an edge.} h6 13. Nbd2 Ne7 14. Nf1 Ng6 15. Ng3 c5 16. d4 cxd4 17. cxd4 exd4 18. Nxd4 {[%emt 0:03:24] [#]} bxa4 $146 ({Predecessor:} 18... Rc8 19. axb5 axb5 20. Bd3 d5 21. exd5 Rxe1+ 22. Qxe1 Qb6 23. Ne6 Nxd5 24. Nxf8 Rxf8 {0-1 (38) Ermitsch,M (2234)-Fromm,M (2391) Kiel 2022}) 19. f4 Rc8 20. Kh2 (20. Bxa4 $11 d5 21. e5) 20... d5 {[%emt 0:25:08][%cal Of6g4] Black is more active. White is on the road to losing.} 21. e5 {[%emt 0:07:52] [#]} Ng4+ 22. hxg4 {[%emt 0:03:35] And now Ngf5 would win.} Qh4+ {[%emt 0:00:07][%mdl 64] Deflection, Double Attack} 23. Kg1 {[%emt 0:00:01] Black must now prevent Ngf5.} Qxg3 24. Bxg6 (24. Re3 $142 Qxg4 25. Qxg4 Bxg4 26. Bxa4) 24... fxg6 $19 25. Be3 {[%emt 0:09:25][%cal Oe5e6] [#]} Bb4 $1 (25... Bxg4 26. Qd2 Bh3 27. Rxa4 $17) (25... Qxg4 26. Qxg4 Bxg4 27. Rxa4 $17) 26. e6 Bxe1 {[%emt 0:07:44] The board is on fire.} 27. exd7 Qxe3+ 28. Kh1 Bf2 ({Not} 28... Qxf4 29. dxc8=R Qf1+ 30. Kh2 Qf4+ 31. Kh1 Qf1+ 32. Kh2 Qf4+ 33. Kh1 $11) 29. Nf3 d4 ({Wrong is} 29... Qxf4 $2 30. Rxa4 d4 31. Nxd4) 30. Qf1 $2 (30. dxe8=R+ Qxe8 31. Ne5) 30... d3 31. Ne5 (31. Rd1 $142 Qe2 32. Ne5 Qxf1+ 33. Rxf1) 31... d2 32. Qc4+ Kh7 33. Rf1 Qg3 {[%emt 0:00:37][%cal Rg3h4] Black mates.} 34. Nxg6 Qxg4 ({Weaker is} 34... Rxc4 35. dxe8=Q Rxf4 36. Nxf4 Qxf4 37. Qe2 $15) 35. dxc8=Q Rxc8 36. Qd3 Qxg6 {[%emt 0:00:05] Weighted Error Value: White=0.91/Black=0.04 (flawless)} 0-1

[Event "German Bundesliga 2022-23"]
[Site "Germany"]
[Date "2022.10.23"]
[Round "1.8"]
[White "Bracker, Frank"]
[Black "Kuebler, Marcus"]
[Result "1-0"]
[ECO "B38"]
[WhiteElo "2372"]
[BlackElo "1948"]
[Annotator "ChessBase"]
[PlyCount "33"]
[EventDate "2022.10.21"]
[EventType "team-tourn"]
[EventCountry "GER"]
[SourceTitle "playchess.com"]
[Source "ChessBase"]
[SourceQuality "1"]
[TimeControl "40/6000+30:3000+30"]

1. e4 c5 2. Nf3 Nc6 3. d4 cxd4 4. Nxd4 g6 5. c4 Bg7 6. Be3 d6 7. Nc3 Nf6 8. Be2 O-O 9. O-O Bd7 10. h3 Nxd4 11. Bxd4 Bc6 12. Qc2 a5 13. Rad1 Nd7 14. Bxg7 Kxg7 15. Bg4 f5 16. exf5 gxf5 17. Bxf5 1-0